Map: Lerilak Crest

Players

Capu - Winner!

  • Race: Protoss Protoss
  • League: Diamond

dahtroop

  • Race: Protoss Protoss
  • League: Diamond

VOD

Have the link to the VOD?

Description

Time

  • Played on: Nov. 19, 2015, 11:27 a.m.
  • Length: 6:06
Show
View Real Time Build Order
Export as new Build Order

Capu Protoss - Winner!

Build Orders:  

Get SALT Encoding   

  12  0:01  Probe (Chrono Boost)  
  13  0:11  Probe (Chrono Boost)  
  14  0:20  Pylon  
  14  0:22  Probe (Chrono Boost)  
  15  0:38  Probe (Chrono Boost)  
  15  0:39  Gateway  
  16  0:48  Assimilator  
  16  0:49  Probe (Chrono Boost)  
  17  1:00  Probe (Chrono Boost), Pylon  
  18  1:10  Probe (Chrono Boost)  
  19  1:18  Assimilator  
  19  1:21  Probe (Chrono Boost)  
  20  1:26  Cybernetics Core  
  20  1:31  Probe (Chrono Boost)  
  21  1:42  Probe (Chrono Boost)  
  22  1:52  Probe (Chrono Boost)  
  22  1:54  Pylon  
  23  2:03  Stalker, Probe (Chrono Boost), Warp Gate (Chrono Boost)  
  26  2:14  Mothership Core (Chrono Boost)  
  28  2:22  Robotics Facility  
  28  2:32  Probe (Chrono Boost)  
  28  2:35  Stalker  
  31  2:43  Probe (Chrono Boost)  
  32  2:50  Pylon  
  31  2:53  Probe (Chrono Boost)  
  32  3:09  Nexus  
  32  3:12  Observer  
  33  3:17  Probe (Chrono Boost)  
  34  3:28  Probe (Chrono Boost)  
  34  3:33  Gateway  
  35  3:34  Gateway  
  35  3:41  Stalker  
  35  3:45  Probe (Chrono Boost)  
  38  3:56  Immortal (Chrono Boost)  
  38  4:00  Probe  
  42  4:14  Probe  
  43  4:28  Pylon  
  47  4:31  Immortal (Chrono Boost)  
  47  4:33  Pylon  
  47  4:34  Probe  
  47  4:35  Probe  
  49  4:44  Stalker  
  51  4:46  Stalker  
  51  4:52  Probe  
  53  4:53  Probe  
  53  4:56  Stalker  
  55  5:06  Probe  
  54  5:07  Probe  
  56  5:16  Probe  
  56  5:18  Stalker  
  56  5:19  Stalker  
  61  5:22  Probe  
  61  5:27  Probe  
  63  5:43  Probe  
  63  5:45  Probe  
  61  5:54  Probe  
  62  5:59  Robotics Bay  
  62  6:01  Gateway  
  62  6:02  Gateway  
Show
View Real Time Build Order
Export as new Build Order

dahtroop Protoss 

Build Orders: Oracle Opening 

Get SALT Encoding   

  12  0:01  Probe (Chrono Boost)  
  13  0:18  Pylon  
  13  0:20  Probe (Chrono Boost)  
  14  0:31  Probe (Chrono Boost)  
  15  0:43  Gateway  
  15  0:47  Probe (Chrono Boost)  
  16  0:54  Assimilator  
  16  0:58  Assimilator  
  16  1:01  Probe (Chrono Boost)  
  17  1:13  Probe (Chrono Boost), Pylon  
  18  1:23  Probe (Chrono Boost)  
  19  1:34  Probe (Chrono Boost)  
  19  1:39  Cybernetics Core  
  20  1:44  Probe (Chrono Boost)  
  21  1:55  Probe (Chrono Boost)  
  22  2:15  Stalker (Chrono Boost)  
  24  2:16  Mothership Core (Chrono Boost), Warp Gate  
  26  2:25  Stargate  
  26  2:37  Probe  
  27  2:45  Gateway  
  27  2:47  Stalker (Chrono Boost)  
  29  2:56  Pylon  
  29  3:15  Oracle (Chrono Boost)  
  32  3:33  Stalker  
  34  3:36  Stalker  
  34  3:38  Nexus  
  36  3:50  Oracle (Chrono Boost)  
  39  3:56  Pylon  
  39  4:14  Probe  
  40  4:17  Robotics Facility  
  40  4:26  Probe  
  40  4:30  Sentry  
  43  4:38  Probe  
  44  4:39  Pylon  
  44  4:51  Probe  
  44  4:52  Probe  
  46  5:03  Probe  
  46  5:06  Observer  
  48  5:08  Void Ray (Chrono Boost)  
  48  5:11  Probe  
  48  5:14  Probe  
  51  5:23  Probe  
  51  5:24  Probe  
  52  5:30  Gateway  
  52  5:32  Gateway  
  52  5:34  Stalker x2  
  39  6:00  Pylon  
  39  6:03  Sentry x2  
Tags
 
Add a new tag
Caveats
  • Supply blocks, unpowered buildings, or Contaminate may cause inaccurate times.
  • Supply counts are checked every 10 seconds.